 Dungeon Crawl Stone Soup version 0.20-a0-1126-g0f15420 (webtiles) character file.

10585 Ijustatesigmund the Timeless (level 11, -3/95 HPs)
             Began as a Yellow Draconian Conjurer on May 16, 2017.
             Was a High Priest of Cheibriados.
             Slain by an orc warrior
             ... wielding a +0 glaive
              (25 damage)
             ... on level 10 of the Dungeon on May 17, 2017.
             The game lasted 00:51:53 (15023 turns).

Ijustatesigmund the Timeless (DrCj)                Turns: 15023, Time: 00:51:55

Health: -3/95      AC:  9    Str: 25    XL:     11   Next: 38%
Magic:  9/22       EV: 13    Int: 32    God:    Cheibriados [*****.]
Gold:   555        SH:  0    Dex: 26    Spells: 11/25 levels left

rFire    . . .     SeeInvis .   m - +1 whip (elec)
rCold    . . .     Gourm    .   (no shield)
rNeg     . . .     Faith    .   (armour unavailable)
rPois    .         Spirit   .   (helmet restricted)
rElec    .         Reflect  .   n - +1 cloak
rCorr    +         Harm     .   (no gloves)
MR       .....                  (no boots)
Stlth    +++.......             (no amulet)
Regen    0.3/turn               C - ring of wizardry
MPRegen  0.2/turn               (no ring)

@: very slow
A: spit acid, acid resistance, unfitting armour, horns 1, wild magic 1,
cold-blooded, AC +7
a: Breathe Acid, Bend Time, Temporal Distortion, Slouch, Step From Time,
Renounce Religion


You were on level 10 of the Dungeon.
You worshipped Cheibriados.
Cheibriados was extremely pleased with you.
You were not hungry.

You visited 1 branch of the dungeon, and saw 10 of its levels.
You also visited: Ossuary.

You collected 594 gold pieces.
You spent 39 gold pieces at shops.

Inventory:

Hand Weapons
 d - a +2 whip of flaming
 f - a +0 flail of freezing
 m - a +1 whip of electrocution (weapon)
 s - a +2 mace of protection
Armour
 n - a +1 cloak (worn)
Jewellery
 C - a ring of wizardry (left hand)
Wands
 c - a wand of paralysis (0/24)
 e - a wand of polymorph (9/24)
 j - a wand of iceblast (3/15)
 A - a wand of flame (13/48)
Scrolls
 i - 4 scrolls of remove curse
 l - a scroll of blinking
 o - 2 scrolls of enchant weapon
 p - 3 scrolls of identify
 r - a scroll of teleportation
 u - 3 scrolls of recharging
 w - a scroll of amnesia
 x - 2 scrolls of magic mapping
Potions
 a - a potion of brilliance
 g - 4 potions of flight
 q - a potion of magic
 v - 2 potions of resistance
 z - 3 potions of curing
Books
 k - a book of Conjurations

   Spells                             Type                      Level
   a - Magic Dart                     Conjuration                  1
   b - Searing Ray                    Conjuration                  2
   c - Dazzling Spray                 Conjuration/Hexes            3
   d - Fulminant Prism                Conjuration/Hexes            4
   e - Force Lance                    Conjuration/Translocation    4
   f - Iskenderun's Mystic Blast      Conjuration                  4
Miscellaneous
 y - a sack of spiders
Comestibles
 b - 3 bread rations
 h - 3 meat rations
 t - 4 chunks of flesh


   Skills:
 + Level 8.4 Fighting
 + Level 7.0 Maces & Flails
 - Level 2.1 Dodging
 - Level 1.7 Stealth
 - Level 7.7 Spellcasting
 - Level 7.6 Conjurations
 - Level 5.7 Hexes
 - Level 9.0 Invocations


You had 11 spell levels left.
You knew the following spells:

 Your Spells              Type           Power        Failure   Level  Hunger
a - Magic Dart            Conj           ####         1%          1    None
b - Searing Ray           Conj           ######       1%          2    None
c - Dazzling Spray        Conj/Hex       ######       1%          3    None
d - Iskenderun's Mystic   Conj           ######..     1%          4    #......
e - Fulminant Prism       Conj/Hex       ######....   1%          4    #......


Dungeon Overview and Level Annotations

Branches:
Dungeon (10/15)            Temple (0/1) D:5            Lair (0/6) D:10
    Orc: D:9-12

Altars:
Cheibriados
Dithmenos
Fedhas
Hepliaklqana
Kikubaaqudgha
Makhleb
Nemelex Xobeh
Qazlal
Vehumet
Zin

Shops:
D:6 =:   D:7 ?=}


Innate Abilities, Weirdness & Mutations

You can spit globs of acid.
You are resistant to acid.
Your golden yellow scales are hard. (AC +7)
You cannot fit into any form of body armour.
You are cold-blooded and may be slowed by cold attacks.
You have a pair of small horns on your head.
Your spells are a little harder to cast, but a little more powerful.


Message History

The iceblast engulfs the orc priest.
The orc priest is severely wounded.
The iceblast engulfs the orc.
You kill the orc!
Cheibriados appreciates the change of pace.
This wand has 3 charges left.
You hear a shout! x3
The orc warrior hits you from afar with a glaive!!
Evoke which item? (* to show all) (? for menu, Esc to quit)
You reach into the bag... ...but nothing happens.
The orc warrior barely misses you.
Evoke which item? (* to show all) (? for menu, Esc to quit)
You reach into the bag... ...and things crawl out!
You swap places.
The orc priest invokes the aid of Beogh against you.
Beogh smites you!
* * * LOW HITPOINT WARNING * * *
Your worker ant barely misses the orc warrior.
The orc warrior hits you from afar with a glaive!!
You die... .. .# )#. ### ##o.# ..# #ooo.

#.# #.#.# #.#
#o#.# #.# #a#.#
#)#### #@#.#
#####..##.
#a#.#####........#
#.#.......###.....
#.......### #.#...
#######.# #.#...
#.# #..... #.#
#..... #.# #.####
#.# #.#


You could see an orc warrior, an orc priest, 2 orcs, a friendly soldier ant and
a friendly worker ant.

Vanquished Creatures
  Erica (D:8)
  3 two-headed ogres
  Pikel (D:4)
  Maurice (D:8)
  A troll (D:9)
  A hornet (D:10)
  Prince Ribbit (D:7)
  4 hippogriffs
  A wyvern (D:10)
  2 hungry ghosts
  Menkaure (D:7)
  A water moccasin (D:9)
  Duvessa (D:7)
  3 sky beasts
  An ice beast (D:5)
  A black bear (D:9)
  2 orc warriors
  A necrophage (D:8)
  A slave (D:4)
  3 ogres
  5 centaurs
  2 big kobolds (D:10)
  8 bullfrogs
  A wyvern zombie (D:9)
  Dowan (D:7)
  14 scorpions
  5 killer bees (D:9)
  A howler monkey (D:6)
  2 crimson imps
  2 bullfrog zombies
  A quasit (D:9)
  3 centaur zombies
  5 hounds
  3 jellies
  3 bullfrog skeletons
  4 orc priests
  10 orc wizards
  Crazy Yiuf (D:4)
  Jessica (D:2)
  Ijyb (D:4)
  Terence (D:2)
  3 iguanas
  Natasha (thrice) (D:4)
  4 worker ants
  2 big kobold zombies (Ossuary)
  A hound zombie (D:10)
  2 mummies (Ossuary)
  Robin (D:3)
  9 gnolls
  2 howler monkey skeletons
  A worker ant zombie (D:8)
  9 adders
  4 scorpion zombies (Ossuary)
  A shadow imp (D:6)
  2 oozes (D:1)
  3 worms (D:3)
  A dart slug (D:3)
  7 leopard geckos
  42 orcs
  5 giant cockroaches
  13 goblins
  9 hobgoblins
  6 jackals
  A quokka (D:5)
  2 ball pythons (D:3)
  9 bats
  3 frilled lizards
  2 gnoll zombies (Ossuary)
  2 goblin zombies (Ossuary)
  2 hobgoblin zombies (Ossuary)
  11 kobolds
  A leopard gecko skeleton (D:7)
  A leopard gecko zombie (D:8)
  An orc zombie (Ossuary)
  A quokka skeleton (D:5)
  8 rats
279 creatures vanquished.

Vanquished Creatures (others)
  A slave (D:4)
  A killer bee (D:9)
  A mummy (Ossuary)
  A worm (D:4)
  An orc (D:4)
  A giant cockroach (D:8)
  A hobgoblin (D:3)
  4 jackals (D:4)
11 creatures vanquished.

Grand Total: 290 creatures vanquished

Notes
Turn   | Place    | Note
-------+----------+-------------------------------------------
     0 | D:1      | Ijustatesigmund the Draconian Conjurer began the quest for the Orb.
     0 | D:1      | Reached XP level 1. HP: 14/14 MP: 3/3
   212 | D:1      | Reached skill level 1 in Fighting
   309 | D:1      | Reached XP level 2. HP: 23/23 MP: 0/5
   560 | D:1      | Learned a level 2 spell: Searing Ray
  1178 | D:1      | Reached XP level 3. HP: 29/29 MP: 3/6
  1211 | D:1      | Learned a level 3 spell: Dazzling Spray
  1425 | D:2      | Found a blossoming altar of Fedhas.
  1608 | D:2      | Found a radiant altar of Vehumet.
  1653 | D:2      | Noticed Jessica
  1657 | D:2      | Killed Jessica
  1660 | D:2      | Reached skill level 1 in Hexes
  1660 | D:2      | Reached XP level 4. HP: 29/37 MP: 1/8
  1934 | D:2      | Noticed Terence
  1946 | D:2      | Killed Terence
  2163 | D:3      | Noticed Robin
  2169 | D:3      | Reached skill level 1 in Maces & Flails
  2267 | D:2      | Reached XP level 5. HP: 42/45 MP: 6/9
  2298 | D:2      | Learned a level 4 spell: Iskenderun's Mystic Blast
  2590 | D:3      | Killed Robin
  3038 | D:3      | Found a snail-covered altar of Cheibriados.
  3050 | D:3      | Became a worshipper of Cheibriados the Contemplative
  3259 | D:3      | Found a glowing silver altar of Zin.
  3465 | D:3      | Reached XP level 6. HP: 52/52 MP: 4/11
  3722 | D:4      | Noticed a slave
  3723 | D:4      | Noticed a slave
  3744 | D:4      | Killed a slave
  3794 | D:4      | Noticed Pikel
  3802 | D:4      | Noticed a slave
  3820 | D:4      | Noticed a slave
  3827 | D:4      | Killed Pikel
  3827 | D:4      | Reached skill level 5 in Fighting
  3827 | D:4      | Your scales start taking on a golden yellow colour.
  3827 | D:4      | Reached XP level 7. HP: 20/61 MP: 1/14
  4223 | D:4      | Found a stormy altar of Qazlal.
  4279 | D:4      | Gained mutation: You have a pair of small horns on your head. [potion of mutation]
  4279 | D:4      | Gained mutation: Your spells are a little harder to cast, but a little more powerful. [potion of mutation]
  4487 | D:4      | Found a hazy altar of Hepliaklqana.
  4487 | D:4      | Noticed Natasha
  4507 | D:4      | Killed Natasha
  4507 | D:4      | Reached skill level 5 in Spellcasting
  4760 | D:4      | Noticed Natasha
  4768 | D:4      | Killed Natasha
  4768 | D:4      | Reached * piety under Cheibriados
  4795 | D:4      | Noticed Natasha
  4801 | D:4      | Killed Natasha
  5053 | D:4      | Noticed Ijyb
  5064 | D:4      | Killed Ijyb
  5064 | D:4      | Reached XP level 8. HP: 68/70 MP: 4/15
  5266 | D:4      | Found a runed door.
  5270 | D:4      | Noticed Crazy Yiuf
  5274 | D:4      | Killed Crazy Yiuf
  5389 | D:5      | Entered Level 5 of the Dungeon
  6280 | D:5      | Found a staircase to the Ecumenical Temple.
  6959 | D:6      | Reached ** piety under Cheibriados
  7248 | D:6      | Reached skill level 5 in Conjurations
  7502 | D:6      | Found Ajoastrimp's Jewellery Boutique.
  7767 | D:6      | Found Robufadgh's Book Shop.
  8031 | D:7      | Found Jucou's Gadget Shoppe.
  8057 | D:7      | Noticed Menkaure
  8063 | D:7      | Found Mujono's Magic Scroll Boutique.
  8067 | D:7      | Killed Menkaure
  8067 | D:7      | Reached XP level 9. HP: 35/75 MP: 13/18
  8077 | D:7      | Bought a scroll of teleportation for 39 gold pieces
  8089 | D:7      | Reached *** piety under Cheibriados
  8095 | D:7      | Found a sparkling altar of Nemelex Xobeh.
  8205 | D:7      | Noticed Prince Ribbit
  8221 | D:7      | Killed Prince Ribbit
  8232 | D:7      | Found a sand-covered staircase.
  8242 | Ossuary  | Entered an ossuary
  9125 | Ossuary  | Reached **** piety under Cheibriados
  9808 | D:7      | Noticed a two-headed ogre
  9819 | D:7      | Killed a two-headed ogre
  9819 | D:7      | Reached skill level 5 in Hexes
 10018 | D:7      | Learned a level 4 spell: Fulminant Prism
 10159 | D:7      | Found a shadowy altar of Dithmenos.
 10170 | D:7      | Noticed Duvessa
 10173 | D:7      | Noticed Dowan
 10183 | D:7      | Killed Duvessa
 10188 | D:7      | Killed Dowan
 10200 | D:7      | Found Liepemutyu's Jewellery Boutique.
 10285 | D:8      | Noticed a two-headed ogre
 10286 | D:8      | You fall through a shaft for 2 floors!
 10286 | D:10     | Entered Level 10 of the Dungeon
 10306 | D:10     | Reached skill level 1 in Invocations
 10306 | D:10     | Reached XP level 10. HP: 35/83 MP: 11/21
 10320 | D:10     | Reached skill level 2 in Invocations
 10332 | D:10     | Reached skill level 3 in Invocations
 10626 | D:10     | Reached skill level 4 in Invocations
 10685 | D:10     | Paralysed by a hornet for 2 turns
 10688 | D:10     | Reached skill level 5 in Invocations
 10708 | D:10     | HP: 4/83 [poisoned by a hornet]
 10713 | D:10     | HP: 4/83 [poisoned by a hornet]
 10719 | D:10     | HP: 3/83 [poisoned by a hornet]
 10728 | D:10     | HP: 3/83 [poisoned by a hornet]
 10734 | D:10     | HP: 3/83 [poisoned by a hornet]
 10740 | D:10     | HP: 4/83 [poisoned by a hornet]
 10746 | D:10     | HP: 4/83 [poisoned by a hornet]
 11455 | D:10     | Reached skill level 6 in Invocations
 11597 | D:10     | Found a staircase to the Lair.
 11605 | D:9      | Found an ancient bone altar of Kikubaaqudgha.
 11928 | D:9      | Reached ***** piety under Cheibriados
 11931 | D:9      | Reached skill level 7 in Invocations
 12024 | D:8      | Noticed Maurice
 12038 | D:8      | Paralysed by something for 4 turns
 12050 | D:8      | Paralysed by something for 4 turns
 12059 | D:8      | Found a burning altar of Makhleb.
 12060 | D:8      | Paralysed by something for 4 turns
 12456 | D:8      | Killed a two-headed ogre
 12456 | D:8      | Reached skill level 8 in Invocations
 12634 | D:8      | Upgraded the game from 0.20-a0-1124-g2e29d97 to 0.20-a0-1126-g0f15420
 12647 | D:7      | Reached skill level 9 in Invocations
 12987 | D:8      | Noticed Erica
 12998 | D:8      | Killed Erica
 12998 | D:8      | Reached skill level 5 in Maces & Flails
 13132 | D:8      | Reached XP level 11. HP: 60/91 MP: 15/22
 13274 | D:8      | Killed Maurice
 14270 | D:9      | Noticed a two-headed ogre
 14277 | D:9      | Killed a two-headed ogre
 15023 | D:10     | Slain by an orc warrior

Vault maps used:
D:1:      saegor_arrival_simple_d, minmay_unequal
D:2:      fiery_altar_vehumet, fedhas_altar_2, first_bread, uniq_terence,
          uniq_jessica
D:3:      lemuel_coloured_pillars_altar, lemuel_round_altar, uniq_robin
D:4:      nicolae_overflow_hidden_temple, old_standard_altar,
          kennysheep_big_empty_room, uniq_crazy_yiuf_cottage, uniq_ijyb,
          uniq_natasha, uniq_pikel
D:5:      minmay_temple_entry_nine_rooms
D:6:      serial_shops, nicolae_shop_waterfront, kennysheep_mini
D:7:      marbit_many_paths, serial_shops, kennysheep_little_box,
          shop_fountains, nicolae_shop_statue_plus, enter_ossuary_3,
          nemelex_diamond_rough_becter, uniq_menkaure, uniq_prince_ribbit1,
          uniq_duvessa
D:8:      bloody_makhleb, uniq_maurice, uniq_erica
D:9:      kiku_gazebo_garden_becter
D:10:     lair_entry_dummy, hiddenorc2_lemuel, hangedman_decor_slide_cut,
          grunt_potential
Ossuary:  ossuary_minmay_scorpions

Skill      XL: |  1  2  3  4  5  6  7  8  9 10 11 |
---------------+----------------------------------+-----
Fighting       | 1 2 3 5 6 8 |  8.4
Spellcasting   | 3 4 5 6 7 |  7.7
Hexes          | 1 3 5 |  5.7
Maces & Flails | 1 2 3 4 5 7 |  7.0
Dodging        | 2 |  2.1
Conjurations   | 5 7 |  7.6
Invocations    | 1 9 |  9.0
Stealth        | |  1.7

Action                   |  1- 3 |  4- 6 |  7- 9 | 10-12 || total
-------------------------+-------+-------+-------+-------++-------
Melee: Unarmed           |     4 |       |       |       ||     4
       Whip              |    22 |       |   229 |   176 ||   427
       Tailslap          |     2 |    12 |    44 |    43 ||   101
       Mace              |     3 |    10 |       |       ||    13
       Flail             |       |   107 |    50 |       ||   157
       Headbutt          |       |       |    68 |    66 ||   134
 Cast: Magic Dart        |    47 |    69 |   120 |    75 ||   311
       Searing Ray       |     2 |    11 |    11 |    13 ||    37
       Dazzling Spray    |     1 |     1 |     3 |    22 ||    27
       Iskenderun's Myst |       |       |     2 |    12 ||    14
Invok: Slouch            |       |       |       |     1 ||     1
 Abil: Breathe Acid      |       |       |     5 |    12 ||    17
Evoke: Wand              |       |       |     4 |     4 ||     8
       Sack of spiders   |       |       |       |     4 ||     4
  Use: Scroll            |     8 |     2 |    13 |     9 ||    32
       Potion            |     1 |     8 |     2 |     4 ||    15
 Stab: Sleeping          |     1 |     1 |     4 |     2 ||     8
       Invisible         |       |     5 |     2 |     5 ||    12
       Distracted        |       |       |     1 |       ||     1
       Paralysed         |       |       |     5 |     2 ||     7
  Eat: Chunk             |     3 |     8 |     6 |     9 ||    26
       Fruit             |       |       |     2 |       ||     2
       Royal jelly       |       |       |     1 |     1 ||     2
       Bread ration      |       |       |     1 |       ||     1
Armor: Skin              |     7 |    61 |    85 |   114 ||   267
Dodge: Dodged            |    40 |   137 |   224 |   247 ||   648
